 Dungeon Crawl Stone Soup version 0.31-a0-740-g87205ac768 (webtiles) character file.

Game seed: 2429710512055801323

419 ytrimaz the Ruffian (level 6, -3/38 HPs)
             Began as an Octopode Shapeshifter on Sept 12, 2023.
             Killed from afar by Ijyb (18 damage)
             ... with a bolt of light
             ... on level 4 of the Dungeon.
             The game lasted 00:02:58 (2845 turns).

ytrimaz the Ruffian (Octopode Shapeshifter)         Turns: 2845, Time: 00:02:58

Health: -3/38      AC:  1    Str: 14    XL:     6   Next: 93%
Magic:  6/6        EV: 18    Int: 12    God:
Gold:   153        SH:  0    Dex: 13    Spells: 5/5 levels left

rFire   + .          .
                       - Unarmed
rCold   . . .        (no shield)
rNeg    . . .        (helmet currently unavailable)
rPois   .            q - amulet of regeneration
rElec   .            p - ring of protection from fire
rCorr   .            r - +5 ring of evasion
SInv    .            (no ring)
Will    .....        (no ring)
Stlth   ++           (no ring)
HPRegen 1.06/turn    (no ring)
MPRegen 0.10/turn    (no ring)
                     (no ring)

%: no passive effects
@: beast-form
A: beast (slay +3), almost no armour, amphibious, 8 rings, camouflage 1,
gelatinous body 1, (nimble swimmer 1), tentacles
a: Begin Untransformation


You were on level 4 of the Dungeon.
You were a hulking beast.
You visited 1 branch of the dungeon, and saw 4 of its levels.

You collected 153 gold pieces.


Innate Abilities, Weirdness & Mutations

You are a hulking beast.
Your limbs bulge with bestial killing power. (Slay +3)
You cannot wear most types of armour.
You are amphibious.
You can wear up to eight rings at the same time.
Your skin changes colour to match your surroundings (Stealth+).
Your rubbery body absorbs attacks. (AC +1, EV +1)
((You are camouflaged when in or above water. (Stealth+)))
You have tentacles for arms and can constrict up to eight enemies at once.


   Skills:
 - Level 1.0 Fighting
 - Level 2.0 Dodging
 + Level 5.7 Unarmed Combat
 + Level 5.3 Shapeshifting


You had 5 spell levels left.
You didn't know any spells.
Your spell library was empty.

Inventory:

Jewellery
 p - a ring of protection from fire (left tentacle)
   (You found it on level 3 of the Dungeon)
 q - an amulet of regeneration (around mantle)
   (You found it on level 3 of the Dungeon)
 r - a +5 ring of evasion (right tentacle)
   (You found it on level 3 of the Dungeon)
Talismans
 b - a beast talisman (active)
 c - a flux talisman
 j - a maw talisman
   (You found it on level 2 of the Dungeon)
 o - a serpent talisman
   (You found it on level 2 of the Dungeon)
Scrolls
 e - a scroll of acquirement {unknown}
 f - a scroll of teleportation {unknown}
 g - a scroll of amnesia {unknown}
 h - 2 scrolls of immolation {unknown}
 k - a scroll of fear {unknown}
 l - a scroll of vulnerability {unknown}
 n - a scroll of enchant weapon {unknown}
 s - a scroll of blinking {unknown}
Potions
 a - 2 potions of heal wounds {unknown}
 d - a potion of cancellation {unknown}
 i - 3 potions of haste {unknown}
 m - 2 potions of resistance {unknown}

Dungeon Overview and Level Annotations

Branches:
Dungeon (4/15) Zot: 21163
 Temple: D:4-7

Altars:
Okawaru

Shops:
D:3 *

Annotations:
D:4 Ijyb

? ##. #. .. # # .. #
.. #.##. .## #.##. #.
.. .##.. ##....##. #
.##..#.##..#.##...
#..##.#..##.#..##.#...
#.gh.##....##....##.
#..##o#..##.#..##.#..
#..# #..#.##..#.##..#.
...
#o...##....##....##. .
#^.#.##..#.##..#.##...
# ## #..##.#..##.#...
#.. .#<....###+ ##.
######## #.#


You could see Ijyb and an orc.


Message History

You bludgeon the adder! Your grab misses the adder.
Your squeeze misses the adder. The adder misses you.
Unknown command.
You closely miss the adder. Your grab misses the adder. You squeeze the adder.
You kill the adder!
The orc closely misses you.
A kobold comes into view. It is wielding a +0 dagger.
The kobold shouts!
The orc misses you.
Unknown command.
You bludgeon the orc!
You kill the orc!
You enter the deep water.
The endoplasm freezes you.
You are frozen. 😕 HP[-3]
You take 3 damage, and now have 35/38 hp.
Unknown command.
You tentacle-slap the endoplasm. You squeeze the endoplasm.
You kill the endoplasm! 😕 HP[+1] No target in view!
Unknown command.
No target in view! 😕 HP[+1] 😎 HP[+1]
Your hp is fully restored (38).
You enter the deep water.
A kobold is nearby!
A kobold is nearby!
You closely miss the kobold. You grab the kobold. You squeeze the kobold.
You kill the kobold!
You hear a splash. x2
No target in view!
No target in view!
Unknown command.
No target in view!
No target in view!
Unknown command.
Unknown command.
You enter the deep water.
You enter the shallow water.
Key pressed, stopping explore.
You enter the shallow water.
Key pressed, stopping explore.
Found a stone staircase leading up.
An orc comes into view. It is wielding a +0 flail.
The orc shouts!
An orc is nearby!
An orc is nearby!
An orc is nearby!
An orc is nearby!
An orc is nearby!
Ijyb the Twisted Goblin comes into view.
She is wielding a +0 club and carrying a wand of light.
Ijyb shouts!
Ijyb zaps a wand.
The bolt of light hits you! 😮 HP[-11]
You take 11 damage, and now have 27/38 hp.
MASSIVE DAMAGE!! (PAUSE)
You are too injured to fight recklessly!
Ijyb zaps a wand.
The bolt of light misses you. 😮 HP[+1] Ijyb misses you. 😕 HP[+1] Unknown command.
You closely miss Ijyb. You grab Ijyb. You constrict Ijyb.
Ijyb hits you with a +0 club. 😮 HP[-2]
You take 2 damage, and now have 27/38 hp.
You tentacle-slap Ijyb but do no damage.
You constrict Ijyb, but do no damage. Ijyb hits you with a +0 club. 😮 HP[-2]
You take 2 damage, and now have 25/38 hp.
Unknown command.
You tentacle-slap Ijyb. You constrict Ijyb, but do no damage.
The orc barely misses you. Ijyb hits you with a +0 club. 😮 HP[-3]
You take 3 damage, and now have 22/38 hp.
You barely miss Ijyb. You constrict Ijyb, but do no damage.
The orc hits you with a +0 flail.
* * * LOW HITPOINT WARNING * * *
Ijyb completely misses you.
Unknown command. 😨 HP[-5]
You take 5 damage, and now have 17/38 hp.
You tentacle-slap Ijyb but do no damage.
You constrict Ijyb. 😨 HP[+1]
You tentacle-slap Ijyb but do no damage.
You constrict Ijyb. The orc barely misses you.
Ijyb zaps a wand.
The bolt of light misses you. 😨 HP[+1]
You tentacle-slap Ijyb. You constrict Ijyb. The orc hits you with a +0 flail.
* * * LOW HITPOINT WARNING * * *
Ijyb zaps a wand.
The bolt of light hits you!!
You die...

Skill      XL: |  1  2  3  4  5  6 |
---------------+-------------------+-----
Unarmed Combat | 4 5 |  5.7
Shapeshifting  | 4 5 |  5.3
Fighting       | |  1.0
Dodging        | |  2.0

Action                     |  1- 3 |  4- 6 || total
---------------------------+-------+-------++-------
  Melee: Unarmed           |    63 |    44 ||   107
         Constrict         |    18 |     6 ||    24
         Tentacles         |    15 |    10 ||    25
         Punch             |     2 |       ||     2
    Use: Potion            |     1 |       ||     1
   Stab: Sleeping          |     7 |     4 ||    11
 Armour: Skin              |    31 |    22 ||    53
  Dodge: Dodged            |    30 |    30 ||    60
   Form: Beast             |     1 |       ||     1
         Maw               |     1 |       ||     1

Levels and vault maps discovered:
D:1:      sevenhm_arrival_forest_fort_small_5, layout_loops_cross,
          hangedman_abyss_or_decor_lesser_grid
D:2:      layout_basic, basic_altar, ebering_ecumenical_altar_hall
D:3:      layout_basic, serial_shops, shop, uniq_grinder
D:4:      layout_loops_corners, kennysheep_mini_moat, nicolae_eternal_life,
          dreamdust_princess_corridor, chequers_serial_rivers_marsh,
          kennysheep_generic_room_11, uniq_ijyb

Notes
Turn   | Place    | Note
-------+----------+-------------------------------------------
     0 | D:1      | ytrimaz the Octopode Shapeshifter began the quest for the
                  | Orb.
     0 | D:1      | Reached XP level 1. HP: 13/13 MP: 1/1
     0 | D:1      | magus.rc [v1.9.6]
    55 | D:1      | HP: 3/13 [hobgoblin (3)]
    63 | D:1      | Reached XP level 2. HP: 6/18 MP: 2/2
   554 | D:1      | Reached XP level 3. HP: 21/23 MP: 3/3
   759 | D:2      | Found a faded altar of an unknown god.
  1389 | D:2      | Found an iron altar of Okawaru.
  2060 | D:3      | Noticed Grinder
  2072 | D:3      | Reached skill level 4 in Unarmed Combat
  2072 | D:3      | Reached XP level 4. HP: 13/28 MP: 4/4
  2075 | D:3      | Killed Grinder
  2076 | D:3      | Reached skill level 5 in Unarmed Combat
  2076 | D:3      | Reached skill level 4 in Shapeshifting
  2076 | D:3      | Reached XP level 5. HP: 16/33 MP: 5/5
  2076 | D:3      | Reached XP level 6. HP: 18/38 MP: 6/6
  2278 | D:3      | Found Repe Rys's General Store.
  2406 | D:3      | Noticed a steam dragon
  2421 | D:3      | Killed a steam dragon
  2422 | D:3      | Reached skill level 5 in Shapeshifting
  2836 | D:4      | Noticed Ijyb
  2845 | D:4      | Killed from afar by Ijyb

Vanquished Creatures
  Grinder (D:3)
  A steam dragon (D:3)
  3 adders
  2 worms
  A dart slug (D:1)
  An orc (D:4)
  8 ball pythons
  7 endoplasms
  2 giant cockroaches
  4 goblins
  8 hobgoblins
  3 jackals (D:3)
  2 quokkas
  2 bats
  A frilled lizard (D:1)
  3 kobolds
  5 rats
54 creatures vanquished.

Table legend:
 A = Non-vault XP
 B = Vault XP
 C = Vault XP percentage of total XP
 D = Non-vault monster count
 E = Vault monster count
 F = Vault count percentage of total count
                 A         B        C        D         E       F
            +---------+---------+-------+---------+---------+-------
      Total |     327 |     272 |  45.4 |      53 |       1 |   1.9
            +---------+---------+-------+---------+---------+-------
        D:1 |      34 |       0 |   0.0 |      19 |       0 |   0.0
        D:2 |      18 |       0 |   0.0 |       9 |       0 |   0.0
        D:3 |     256 |     272 |  51.5 |      21 |       1 |   4.5
        D:4 |      19 |       0 |   0.0 |       4 |       0 |   0.0
            +---------+---------+-------+---------+---------+-------

Skill      XL: |  1  2  3  4  5  6 |
---------------+-------------------+-----
Unarmed Combat | 4 5 |  5.7
Shapeshifting  | 4 5 |  5.3
Fighting       | |  1.0
Dodging        | |  2.0

Action                     |  1- 3 |  4- 6 || total
---------------------------+-------+-------++-------
  Melee: Unarmed           |    63 |    44 ||   107
         Constrict         |    18 |     6 ||    24
         Tentacles         |    15 |    10 ||    25
         Punch             |     2 |       ||     2
    Use: Potion            |     1 |       ||     1
   Stab: Sleeping          |     7 |     4 ||    11
 Armour: Skin              |    31 |    22 ||    53
  Dodge: Dodged            |    30 |    30 ||    60
   Form: Beast             |     1 |       ||     1
         Maw               |     1 |       ||     1

Illustrated notes

Table legend:
 A = Kills in this place as a percentage of kills in the entire game.
 B = Kills by you in this place as a percentage of kills by you in the entire game.
 C = Kills by friends in this place as a percentage of kills by friends in the entire game.
 D = Other kills in this place as a percentage of other kills in the entire game.
 E = Experience gained in this place as a percentage of experience gained in the entire game.
 F = Experience gained in this place divided by the number of levels of this place that you have seen.
                   A       B       C       D       E      F
               +-------+-------+-------+-------+-------+----------------------
         Total | 100.0 | 100.0 |   N/A |   N/A | 100.0 | 149.8
       Dungeon | 100.0 | 100.0 |   N/A |   N/A | 100.0 | 149.8
               +-------+-------+-------+-------+-------+----------------------

Table legend: (Time is in decaauts)
 A = Elapsed time spent in this place.
 B = Non-inter-level travel time spent in this place.
 C = Inter-level travel time spent in this place.
 D = Time resting spent in this place.
 E = Time spent auto-exploring this place.
 F = Levels seen in this place.
 G = Mean time per level.
                   A        B        C        D        E       F      G
               +--------+--------+--------+--------+--------+-----+--------+
         Total |   2835 |   2665 |    170 |      0 |   2277 |   4 |  708.8 |
       Dungeon |   2835 |   2665 |    170 |      0 |   2277 |   4 |  708.8 |
               +--------+--------+--------+--------+--------+-----+--------+

Top non-repeatable levels by time:
     D:2: 1164 daAuts
     D:3: 860 daAuts
     D:1: 727 daAuts
     D:4: 82 daAuts
